Map: Terraform LE (Void)

Players

Onlinejaguar

  • Race: Protoss Protoss

wabbajack - Winner!

  • Race: Zerg Zerg
  • League: Gold

VOD

Have the link to the VOD?

Description

Time

  • Played on: July 21, 2015, 9:46 p.m.
  • Length: 5:56
Show
View Real Time Build Order
Export as new Build Order

Onlinejaguar Protoss 

Build Orders:  

Get SALT Encoding   

  12  0:02  Probe  
  13  0:14  Pylon  
  13  0:18  Probe  
  14  0:32  Probe (Chrono Boost)  
  15  0:37  Gateway  
  16  0:42  Probe (Chrono Boost)  
  16  0:50  Probe  
  16  0:51  Assimilator  
  17  1:02  Probe (Chrono Boost)  
  18  1:14  Probe (Chrono Boost)  
  18  1:15  Assimilator  
  19  1:22  Probe (Chrono Boost)  
  19  1:23  Pylon  
  20  1:28  Cybernetics Core  
  20  1:32  Probe (Chrono Boost)  
  21  1:44  Probe (Chrono Boost)  
  22  1:52  Probe (Chrono Boost)  
  23  2:08  Nexus  
  23  2:12  Probe  
  23  2:14  Warp Gate (Chrono Boost)  
  24  2:25  Sentry, Mothership Core (Chrono Boost)  
  28  2:33  Pylon  
  28  2:41  Pylon  
  28  2:54  Probe (Chrono Boost)  
  28  2:56  Stargate  
  29  3:00  Stalker  
  31  3:06  Probe (Chrono Boost)  
  32  3:18  Probe (Chrono Boost)  
  33  3:23  Gateway  
  33  3:26  Gateway  
  34  3:34  Probe x2  
  35  3:49  Fleet Beacon  
  35  3:50  Probe (Chrono Boost)  
  35  3:53  Probe (Chrono Boost)  
  37  3:58  Assimilator  
  37  4:01  Assimilator  
  26  4:18  Zealot  
  26  4:19  Zealot  
  30  4:27  Probe x2  
  32  4:39  Probe x2  
  34  4:51  Probe x2 (Chrono Boost)  
  36  4:53  Forge  
  36  5:02  Probe x2 (Chrono Boost)  
  38  5:10  Probe (Chrono Boost)  
  38  5:12  Probe (Chrono Boost)  
  40  5:20  Probe (Chrono Boost)  
  47  5:28  Stalker  
  45  5:40  Stalker x2  
Show
View Real Time Build Order
Export as new Build Order

wabbajack Zerg - Winner!

Build Orders: Hatch First, Zergling Baneling 

Get SALT Encoding   

  12  0:01  Drone  
  13  0:13  Overlord  
  13  0:18  Drone  
  14  0:25  Extractor  
  14  0:28  Drone  
  14  0:35  Drone x2  
  16  0:46  Drone  
  17  1:03  Hatchery  
  16  1:21  Spawning Pool  
  16  1:25  Drone  
  16  1:27  Drone  
  17  1:34  Drone  
  18  1:41  Pneumatized Carapace  
  18  1:55  Overlord  
  18  2:19  Queen  
  18  2:21  Baneling Nest  
  19  2:24  Queen  
  21  2:32  Drone, Extractor  
  21  2:33  Drone x3  
  24  2:38  Zergling x2  
  24  2:40  Zergling x2  
  26  3:01  Zergling x2  
  26  3:02  Zergling x6  
  30  3:08  Overlord  
  30  3:17  Metabolic Boost  
  30  3:25  Drone  
  30  3:26  Drone x2  
  33  3:32  Baneling  
  33  3:33  Baneling x3  
  31  4:18  Zergling x10  
  31  4:19  Zergling x6  
  37  4:25  Overlord  
  37  4:26  Drone x3  
  38  4:36  Roach Warren  
  37  4:39  Hatchery  
  36  4:47  Drone x3  
  36  4:48  Overlord  
  39  4:53  Baneling x2  
  39  4:54  Baneling  
  39  4:55  Baneling x3  
Tags
 
Add a new tag
Caveats
  • Supply blocks, unpowered buildings, or Contaminate may cause inaccurate times.
  • Supply counts are checked every 10 seconds.